 Dungeon Crawl Stone Soup version 0.22.1 (webtiles) character file.

141 ZotmenoZotz the Conjurer (level 5, 0/28 HPs)
             Began as a Deep Elf Conjurer on Sept 19, 2018.
             Was an Initiate of Vehumet.
             Slain by a centaur (4 damage)
             ... on level 4 of the Dungeon.
             The game lasted 00:12:41 (3344 turns).

ZotmenoZotz the Conjurer (Deep Elf Conjurer)        Turns: 3344, Time: 00:12:41

Health: 0/28       AC:  6    Str:  6    XL:     5   Next: 3%
Magic:  1/13       EV: 13    Int: 20    God:    Vehumet [......]
Gold:   195        SH:  0    Dex: 15    Spells: 5/12 levels left

rFire    . . .     SeeInvis .   y - +0 blowgun
rCold    . . .     Gourm    .   (no shield)
rNeg     . . .     Faith    .   a - +0 robe
rPois    .         Spirit   .   m - +2 helmet
rElec    .         Reflect  .   u - +0 cloak
rCorr    +         Harm     .   (no gloves)
MR       .....                  (no boots)
Stlth    ++........             (no amulet)
HPRegen  0.09/turn              k - ring of resist corrosion
MPRegen  0.13/turn              (no ring)

@: no status effects
A: no striking features
a: Renounce Religion


You were on level 4 of the Dungeon.
You worshipped Vehumet.
Vehumet was noncommittal.
You were not hungry.

You visited 2 branches of the dungeon, and saw 5 of its levels.

You collected 195 gold pieces.

Inventory:

Hand Weapons
 b - a +0 spear
 g - a +0 dagger
 i - a +0 hunting sling
 y - a +0 blowgun (weapon)
Missiles
 z - 8 poisoned needles (quivered)
Armour
 a - a +0 robe (worn)
 m - a +2 helmet (worn)
 u - a +0 cloak (worn)
Jewellery
 k - a ring of resist corrosion (left hand)
 n - an uncursed ring of fire
Scrolls
 d - 2 scrolls of magic mapping {unknown}
 e - a scroll of teleportation {unknown}
 p - a scroll of remove curse {unknown}
 q - a scroll of amnesia {unknown}
 t - 3 scrolls of identify {unknown}
 v - a scroll of immolation {unknown}
Potions
 f - a potion of agility {unknown}
 h - a potion of brilliance {unknown}
 j - 2 potions of might {unknown}
 l - a potion of cancellation
 o - a potion of haste {unknown}
 r - a potion of ambrosia {unknown}
 s - a potion of invisibility {unknown}
 w - a potion of curing
Comestibles
 c - 10 rations
 x - 3 chunks of flesh


   Skills:
 + Level 0.1 Fighting
 + Level 2.8 Dodging
 + Level 3.0 Stealth
 + Level 4.3 Spellcasting
 + Level 6.0 Conjurations


You had 5 spell levels left.
You knew the following spells:

 Your Spells              Type           Power        Failure   Level  Hunger
a - Magic Dart            Conj           ####         1%          1    None
b - Searing Ray           Conj           ####..       1%          2    #......
c - Iskenderun's Mystic   Conj           ####....     10%         4    ####...

Your spell library contained the following spells:

 Spells                   Type           Power        Failure   Level  Hunger
 Dazzling Spray           Conj/Hex       ###...       11%         3    ###....
 Force Lance              Conj/Tloc      ###.....     34%         4    ####...
 Fulminant Prism          Conj/Hex       ###.......   34%         4    ####...


Dungeon Overview and Level Annotations

Branches:
Dungeon (4/15)             Temple (1/1) D:4

Altars:
Ashenzari
Cheibriados
Dithmenos
Elyvilon
Fedhas
Hepliaklqana
Kikubaaqudgha
Makhleb
Nemelex Xobeh
Okawaru
Qazlal
Sif Muna
Trog
Uskayaw
Vehumet
Wu Jian
Xom
Yredelemnul
Zin
The Shining One

Annotations:
D:1 exclusion: downstairs


Message History

Firing (i - inventory)
z - 11 poisoned needles (quivered)
Press: ? - help, Shift-Dir - straight line, f/p - centaur
Aim: a centaur (almost dead, poisoned)
You shoot a poisoned needle. The poisoned needle hits the centaur.
The centaur is almost dead.
The centaur completely misses you. The centaur closely misses you.
Firing (i - inventory)
z - 10 poisoned needles (quivered)
Press: ? - help, Shift-Dir - straight line, f/p - centaur
Aim: a centaur (almost dead, poisoned)
You shoot a poisoned needle.
The poisoned needle barely misses the centaur.
The centaur hits you but does no damage.
Firing (i - inventory)
z - 9 poisoned needles (quivered)
Press: ? - help, Shift-Dir - straight line, f/p - centaur
Aim: a centaur (almost dead, poisoned)
You shoot a poisoned needle. The poisoned needle hits the centaur.
The centaur looks as sick as possible!
The centaur is almost dead.
The centaur hits you.
You die...

######## #.......
#.#####.
.############# #.# #.
.......@.....####.###
#.
....##c#####........#
#. . #..
######.#.###. ....
#....... #(#..
##..#### #.##.
##...## # #( #.....#
#. ##...## #.##+#
##.##


You could see a centaur.

Vanquished Creatures
  A hound (D:4)
  3 adders
  An ooze (D:2)
  3 worms (D:2)
  A dart slug (D:1)
  A leopard gecko (D:1)
  An orc (D:3)
  A ball python (D:1)
  4 giant cockroaches
  11 goblins
  7 hobgoblins
  2 jackals (D:4)
  7 bats
  15 frilled lizards
  7 kobolds
  5 rats
70 creatures vanquished.

Notes
Turn   | Place    | Note
-------+----------+-------------------------------------------
     0 | D:1      | ZotmenoZotz the Deep Elf Conjurer began the quest for the
                  | Orb.
     0 | D:1      | Reached XP level 1. HP: 10/10 MP: 6/6
   235 | D:1      | Reached XP level 2. HP: 15/15 MP: 5/8
   337 | D:1      | Learned a level 2 spell: Searing Ray
   730 | D:2      | Reached skill level 5 in Conjurations
   899 | D:2      | Reached XP level 3. HP: 7/19 MP: 4/9
  1738 | D:2      | Found a blossoming altar of Fedhas.
  1974 | D:2      | Reached XP level 4. HP: 24/24 MP: 7/11
  2320 | D:2      | Learned a level 4 spell: Iskenderun's Mystic Blast
  2402 | D:3      | Found a hide-covered altar of Uskayaw.
  2634 | D:3      | Found a burning altar of Makhleb.
  3073 | D:4      | Found a staircase to the Ecumenical Temple.
  3087 | Temple   | Entered the Ecumenical Temple
  3240 | Temple   | Became a worshipper of Vehumet
  3323 | D:4      | Reached skill level 6 in Conjurations
  3323 | D:4      | Reached XP level 5. HP: 23/28 MP: 7/13
  3329 | D:4      | Noticed a centaur
  3344 | D:4      | Slain by a centaur

Skill      XL: |  1  2  3  4 |
---------------+-------------+-----
Conjurations   | 5 6 |  6.0
Spellcasting   | 4 |  4.3
Stealth        | 3 |  3.0
Fighting       | |  0.1
Dodging        | |  2.8

Action                   |  1- 3 |  4- 6 || total
-------------------------+-------+-------++-------
Melee: Unarmed           |     1 |       ||     1
       Spear             |     2 |    10 ||    12
 Fire: Blowgun           |       |     8 ||     8
 Cast: Magic Dart        |    82 |    41 ||   123
       Searing Ray       |     4 |     2 ||     6
       Iskenderun's Myst |       |     4 ||     4
  Use: Potion            |     3 |       ||     3
  Eat: Chunk             |     3 |     5 ||     8
Armor: Robe              |     1 |     8 ||     9
Dodge: Dodged            |    12 |    24 ||    36
